 Dungeon Crawl Stone Soup version 0.17-a0-701-gb6462b4 (webtiles) character file.

17102 FedoraBrony69 the Thaumaturge (level 12, -12/68 HPs)
             Began as a Deep Elf Conjurer on Apr 19, 2015.
             Was an Elder of Vehumet.
             Mangled by a catoblepas (18 damage)
             ... on level 4 of the Lair of Beasts.
             The game lasted 00:58:11 (12704 turns).

FedoraBrony69 the Thaumaturge (Deep Elf Conjurer)  Turns: 12704, Time: 00:58:11

Health: -12/68     AC: 10    Str:  6    XL:     12   Next: 15%
Magic:  7/41       EV:  9    Int: 34    God:    Vehumet [****..]
Gold:   614        SH:  0    Dex: 19    Spells: 5 memorised, 21 levels left

rFire  + . .     SeeInvis .     g - +6 mace of Conformity {crush, Noisy Int+9 Dex+4}
rCold  x . .     Clarity  .     r - +2 robe {MR+}
rNeg   . . .     SustAb   .     (no shield)
rPois  .         Gourm    .     T - +0 helmet
rElec  .         Spirit   .     F - +0 cloak
rCorr  +         Warding  .     C - +0 pair of gloves
rMut   .         Stasis   .     N - +0 pair of boots
MR     ++...                    A - amulet of resist corrosion
Stlth  +++.......               o - ring of fire
                                q - ring of magical power

@: petrifying (expiring), very slow, very resistant to hostile enchantments,
fairly stealthy
A: large bone plates 1
a: Renounce Religion


You were on level 4 of the Lair of Beasts.
You worshipped Vehumet.
Vehumet was greatly pleased with you.
You were not hungry.

You visited 3 branches of the dungeon, and saw 14 of its levels.
You also visited: Labyrinth and Sewer.

You collected 826 gold pieces.
You spent 212 gold pieces at shops.

Inventory:

Hand weapons
 g - the +6 mace of Conformity (weapon) {crush, Noisy Int+9 Dex+4}
   (You found it on level 9 of the Dungeon)

   It inflicts extra damage upon your enemies.
   It affects your intelligence (+9).
   It affects your dexterity (+4).
   It may make noises in combat.
Armour
 r - a +2 robe of magic resistance (worn)
 C - a +0 pair of gloves (worn)
 F - a +0 cloak (worn)
 N - a +0 pair of boots (worn)
 T - a +0 helmet (worn)
Jewellery
 o - a ring of fire (right hand)
 q - a ring of magical power (left hand)
 z - an uncursed amulet of regeneration {unknown}
 A - an amulet of resist corrosion (around neck)
 G - an uncursed ring of invisibility {unknown}
Magical devices
 c - a wand of magic darts (37)
 p - a wand of digging (17)
 u - a wand of lightning (11)
 y - a wand of cold (8)
Scrolls
 d - 2 scrolls of recharging {unknown}
 f - a scroll of brand weapon {unknown}
 i - a scroll of enchant armour {unknown}
 j - 3 scrolls of immolation {unknown}
 k - a scroll of amnesia {unknown}
 l - 2 scrolls of random uselessness {unknown}
 m - a scroll of fog {unknown}
 B - 2 scrolls of enchant weapon {unknown}
 D - 3 scrolls of teleportation {unknown}
 E - a scroll of identify
 H - 2 scrolls of remove curse
 L - a scroll of vulnerability {unknown}
 M - a scroll of fear {unknown}
 P - 2 scrolls of holy word {unknown}
Potions
 e - a potion of resistance
 h - 5 potions of brilliance
 n - 6 potions of curing
 v - 2 potions of might
 w - 2 potions of invisibility
 x - 3 potions of heal wounds
 I - a potion of magic
 Q - 5 potions of agility {unknown}
Miscellaneous
 a - a crystal ball of energy
Comestibles
 b - 12 bread rations
 s - 5 fruits
 t - 5 meat rations
 J - 7 chunks of flesh
 W - 2 beef jerkies


   Skills:
 + Level 5.0 Fighting
 - Level 2.0 Armour
 + Level 6.7 Dodging
 - Level 2.4 Stealth
 - Level 14.8 Spellcasting
 + Level 13.1 Conjurations
 - Level 9.2 Charms
 * Level 3.4 Air Magic


You had 21 spell levels left.
You knew the following spells:

 Your Spells              Type           Power        Failure   Level  Hunger
a - Freezing Cloud        Conj/Ice/Air   ####......   8%          6    ##.....
b - Iskenderun's Battles  Conj/Chrm      #######.     1%          5    None
c - Iskenderun's Mystic   Conj           #######.     1%          4    None
d - Regeneration          Chrm/Necr      ######....   1%          3    None
e - Magic Dart            Conj           ####         0%          1    None


Dungeon Overview and Level Annotations

Branches:
Dungeon (9/15)             Temple (1/1) D:6            Lair (4/8) D:9
    Orc (0/4) D:9
  Swamp: Lair:3-6    Shoals: Lair:3-6     Snake: Lair:3-6    Spider: Lair:3-6

Altars:
Ashenzari
Cheibriados
Dithmenos
Elyvilon
Fedhas
Kikubaaqudgha
Makhleb
Nemelex Xobeh
Okawaru
Qazlal
Ru
Sif Muna
Trog
Vehumet
Xom
Yredelemnul
Zin
The Shining One
Beogh

Shops:
D:9 [


Innate Abilities, Weirdness & Mutations

You are partially covered in large bone plates (AC +2, SH +2).


Message History

* * * LOW HITPOINT WARNING * * *
Casting: Iskenderun's Mystic Blast
Confirm with . or Enter, or press ? or * to list all spells.
Aiming: Iskenderun's Mystic Blast
Press: ? - help, Shift-Dir - straight line, f/p - catoblepas
Aim: a catoblepas (severely wounded)
The orb of energy hits the catoblepas.
The catoblepas is severely wounded.
You are engulfed in calcifying dust.
You are slowing down.
Casting: Iskenderun's Mystic Blast
Confirm with . or Enter, or press ? or * to list all spells.
Aiming: Iskenderun's Mystic Blast
Press: ? - help, Shift-Dir - straight line, f/p - catoblepas
Aim: a catoblepas (calcifying dust, severely wounded)
The orb of energy hits the catoblepas.
The catoblepas is almost dead.
You are engulfed in calcifying dust.
Your limbs have turned to stone.
The catoblepas gores you!!
You die...

................
#...............
##.#.#........... #
##.....##.........
..#.###.#...#.#.........
......>#.....#.#....†....
#.....#.8.#.#....†....
..##...#Y...........##...
##.#..†...@#.....#...####..
..........##§....##...# ##.
...........#§#..##.#..# #.
.....#####........#########.
........8.##.#.###..#.8.#....
...................#.....#...
.....#8.<......8...'..>.8....
. . #.....#.......#.....#...
..##.8..#..#.#..##.8.##.#.


You could see a catoblepas.

Vanquished Creatures
  A minotaur (Lab)
  A lindwurm (Lair:4)
  An elephant (D:9)
  A black mamba (Lair:1)
  5 spiny frogs
  3 komodo dragons
  Grinder (D:4)
  11 blink frogs
  A deep elf mage (D:9)
  A wyvern (D:8)
  A hungry ghost (D:7)
  The ghost of chequers the Chopper, an average MiFi (Sewer)
  12 yaks
  A basilisk (Lair:3)
  4 water moccasins
  4 hippogriffs
  5 porcupines
  6 wolves (Lair:4)
  A sky beast (D:5)
  Duvessa (D:4)
  An ice beast (D:9)
  3 black bears
  2 phantoms
  5 orc warriors
  A necrophage (D:9)
  2 centaurs
  8 ogres
  10 crocodiles
  3 big kobolds (Sewer)
  The ghost of FedoraBrony69 the Conjurer, an average HECj (D:3)
  A gnoll sergeant (D:9)
  11 giant frogs
  2 scorpions (D:9)
  Dowan (D:4)
  3 killer bees (D:8)
  An electric eel (Lair:1)
  A goliath beetle (D:9)
  A centaur skeleton (D:8)
  A centaur zombie (D:8)
  7 jellies
  6 orc priests
  12 orc wizards
  5 iguanas
  11 worker ants
  A killer bee zombie (D:6)
  7 sheep (Lair:4)
  A hound zombie (D:9)
  A hound skeleton (D:9)
  14 gnolls
  3 adders
  7 river rats
  An ooze (D:3)
  An adder zombie (D:9)
  2 worms
  38 orcs
  12 hobgoblins
  7 jackals
  4 quokkas
  6 ball pythons
  7 bats
  7 giant cockroaches
  10 giant newts
  2 giant spores
  11 goblins
  12 kobolds
  A quokka skeleton (D:5)
  23 rats
  2 ballistomycetes
  A fungus (Lair:4)
342 creatures vanquished.

Vanquished Creatures (others)
  A giant frog (D:8)
1 creature vanquished.

Grand Total: 343 creatures vanquished

Notes
Turn   | Place    | Note
--------------------------------------------------------------
     0 | D:1      | FedoraBrony69, the Deep Elf Conjurer, began the quest for the Orb.
     0 | D:1      | Reached XP level 1. HP: 10/10 MP: 6/6
    67 | D:1      | Reached XP level 2. HP: 15/15 MP: 2/8
   637 | D:2      | Reached skill level 5 in Conjurations
   640 | D:2      | Reached XP level 3. HP: 17/19 MP: 4/10
   704 | D:2      | Found a basalt altar of Yredelemnul.
   704 | D:2      | Found a deep blue altar of Sif Muna.
  1835 | D:3      | Reached XP level 4. HP: 24/24 MP: 0/12
  1908 | D:3      | Noticed an ogre
  1953 | D:3      | Learned a level 4 spell: Iskenderun's Mystic Blast
  1958 | D:3      | Killed an ogre
  1958 | D:3      | Reached skill level 5 in Spellcasting
  1958 | D:3      | Reached XP level 5. HP: 25/28 MP: 4/15
  1965 | D:3      | Learned a level 5 spell: Iskenderun's Battlesphere
  2134 | D:3      | Noticed a black bear
  2137 | D:3      | Killed a black bear
  2137 | D:3      | Reached skill level 6 in Spellcasting
  2137 | D:3      | Reached XP level 6. HP: 32/32 MP: 6/17
  2411 | D:3      | Noticed FedoraBrony69's ghost (average HECj)
  2414 | D:3      | Killed FedoraBrony69's ghost
  2658 | D:4      | Found a snail-covered altar of Cheibriados.
  2671 | D:4      | Reached skill level 7 in Spellcasting
  2889 | D:4      | Noticed Dowan
  2890 | D:4      | Noticed Duvessa
  2944 | D:4      | Reached skill level 1 in Charms
  2944 | D:4      | Reached XP level 7. HP: 27/36 MP: 12/20
  3131 | D:4      | Noticed Grinder
  3138 | D:4      | Killed Grinder
  3138 | D:4      | Reached skill level 8 in Spellcasting
  3288 | D:4      | Found a sand-covered staircase.
  3344 | D:4      | Killed Dowan
  3344 | D:4      | Reached skill level 5 in Charms
  3384 | D:4      | Killed Duvessa
  3384 | D:4      | Reached XP level 8. HP: 36/41 MP: 5/22
  3749 | D:5      | Entered Level 5 of the Dungeon
  3749 | D:5      | Found a deep blue altar of Sif Muna.
  3960 | D:5      | Found a radiant altar of Vehumet.
  3960 | D:5      | Found an iron altar of Okawaru.
  3978 | D:5      | Became a worshipper of Vehumet
  4388 | D:5      | Found a shadowy altar of Dithmenos.
  4587 | D:6      | Reached skill level 9 in Spellcasting
  4846 | D:6      | Found a glowing drain.
  4865 | Sewer    | Entered a sewer
  4866 | Sewer    | Acquired Vehumet's first power
  4866 | Sewer    | Offered knowledge of Freeze by Vehumet.
  5123 | Sewer    | Noticed chequers's ghost (average MiFi)
  5129 | Sewer    | Killed chequers's ghost
  5280 | Sewer    | Reached XP level 9. HP: 45/45 MP: 16/24
  5376 | D:6      | Reached skill level 10 in Spellcasting
  5609 | D:6      | Found a staircase to the Ecumenical Temple.
  5622 | Temple   | Entered the Ecumenical Temple
  5984 | D:6      | Found a sacrificial altar of Ru.
  6017 | D:6      | Found a burning altar of Makhleb.
  6488 | D:7      | Reached skill level 11 in Spellcasting
  6570 | D:7      | Offered knowledge of Sting by Vehumet.
  6570 | D:7      | Reached skill level 10 in Conjurations
  6591 | D:7      | You fall through a shaft!
  7137 | D:8      | Reached skill level 1 in Fighting
  7137 | D:8      | Reached skill level 12 in Spellcasting
  7137 | D:8      | Reached XP level 10. HP: 43/52 MP: 9/28
  7424 | D:8      | Reached skill level 1 in Armour
  7797 | D:9      | Offered knowledge of Mephitic Cloud by Vehumet.
  7904 | D:9      | Found a roughly hewn altar of Beogh.
  7907 | D:9      | Found a staircase to the Orcish Mines.
  7943 | D:9      | Acquired Vehumet's second power
  8154 | D:9      | Offered knowledge of Conjure Flame by Vehumet.
  8333 | D:9      | Found a staircase to the Lair.
  8367 | D:9      | Noticed an elephant
  8372 | D:9      | Killed an elephant
  8781 | D:9      | Reached skill level 13 in Spellcasting
  8910 | D:9      | Found Itrustro's Armour Emporium.
  8932 | D:9      | Got a translucent mace
  8933 | D:9      | Identified the +6 mace of Conformity {crush, Noisy Int+9 Dex+4} (You found it on level 9 of the Dungeon)
  9102 | D:9      | Bought a +2 robe of magic resistance for 212 gold pieces
  9114 | Lair:1   | Entered Level 1 of the Lair of Beasts
  9434 | Lair:1   | Acquired Vehumet's third power
  9439 | Lair:1   | Found a labyrinth entrance.
  9449 | Lab      | Entered a labyrinth
  9596 | Lab      | Gained mutation: You are partially covered in large bone plates (AC +2, SH +2). [potion of beneficial mutation]
  9629 | Lab      | Noticed a minotaur
  9640 | Lab      | Killed a minotaur
  9640 | Lab      | Reached XP level 11. HP: 60/60 MP: 30/30
  9673 | Lair:1   | Learned a level 3 spell: Regeneration
  9694 | Lair:1   | Noticed a black mamba
  9698 | Lair:1   | Killed a black mamba
  9920 | Lair:1   | Offered knowledge of Bolt of Draining by Vehumet.
 10204 | Lair:1   | Identified a +4 rod of ignition (14/14) (You found it in a labyrinth)
 10436 | Lair:2   | Reached skill level 14 in Spellcasting
 10628 | Lair:2   | Reached skill level 5 in Dodging
 11321 | Lair:3   | Offered knowledge of Freezing Cloud by Vehumet.
 11377 | Lair:3   | Learned a level 6 spell: Freezing Cloud
 11797 | Lair:3   | Reached skill level 1 in Air Magic
 12152 | Lair:4   | Noticed a lindwurm
 12155 | Lair:4   | Killed a lindwurm
 12315 | Lair:4   | Reached XP level 12. HP: 67/67 MP: 27/32
 12523 | Lair:4   | Reached skill level 5 in Fighting
 12688 | Lair:4   | Noticed a catoblepas
 12704 | Lair:4   | Mangled by a catoblepas

Action                   |  1- 3 |  4- 6 |  7- 9 | 10-12 || total
-------------------------+-------+-------+-------+-------++-------
Melee: Whip              |     9 |       |       |       ||     9
       Short sword       |     2 |     1 |     6 |     2 ||    11
 Cast: Magic Dart        |    91 |    74 |   170 |    88 ||   423
       Iskenderun's Myst |       |    18 |    92 |   166 ||   276
       Iskenderun's Batt |       |       |    17 |    41 ||    58
       Freezing Cloud    |       |       |       |     9 ||     9
  Use: Scroll            |     2 |       |       |    11 ||    13
       Potion            |       |       |       |     1 ||     1
  Eat: Chunk             |     2 |     6 |    16 |    18 ||    42
       Beef jerky        |       |       |     1 |       ||     1
       Pizza             |       |       |       |     1 ||     1
